[Event "ICC tourney 2349 (60 10)"]
[Site "Internet Chess Club"]
[Date "2021.01.31"]
[Round "5"]
[White "Baseballchamp"]
[Black "H2ODerp"]
[Result "1/2-1/2"]
[ICCResult "Game drawn by mutual agreement"]
[WhiteElo "1925"]
[BlackElo "2075"]
[Opening "French: Tarrasch, Guimard main line"]
[ECO "C04"]
[NIC "FR.15"]
[Time "13:00:28"]
[PlyCount "38"]
[TimeControl "3600+10"]

1. e4 e6 2. d4 d5 3. Nd2 Nc6 4. Ngf3 Nf6 5. exd5 exd5 6. c3 Bf5 7. Bb5 Bd6
8. O-O O-O 9. Re1 Re8 10. Nf1 Ne4 11. Ng3 Bg6 12. Bd3 Nxg3 13. Rxe8+ Qxe8
14. hxg3 Ne7 15. Qc2 f6 16. Bd2 Qd7 17. Re1 Re8 18. Nh4 Bxd3 19. Qxd3 Nc8 {
Game drawn by mutual agreement } 1/2-1/2

[Event "ICC tourney 2349 (60 10)"]
[Site "Internet Chess Club"]
[Date "2021.01.31"]
[Round "5"]
[White "elliswong"]
[Black "PlayfulDolphin"]
[Result "0-1"]
[ICCResult "White checkmated"]
[WhiteElo "1541"]
[BlackElo "1100"]
[Opening "Queen's pawn: London system"]
[ECO "A45"]
[NIC "QP.07"]
[Time "13:00:16"]
[PlyCount "72"]
[TimeControl "3600+10"]

1. d4 Nf6 2. Bf4 g6 3. Nc3 d5 4. Qd2 c6 5. Nf3 Nbd7 6. O-O-O e6 7. Re1 b5
8. Ne5 b4 9. Nb1 c5 10. e3 c4 11. Nxd7 Bxd7 12. Kd1 Rc8 13. f3 Qb6 14. Ke2
Bg7 15. Kf2 O-O 16. Qc1 Nh5 17. Bg3 Nxg3 18. hxg3 e5 19. dxe5 Bxe5 20. f4
Bg7 21. Be2 d4 22. Reg1 dxe3+ 23. Kf1 b3 24. axb3 cxb3 25. c3 Bb5 26. Qe1
Bxe2+ 27. Qxe2 Rcd8 28. Qc4 Rd7 29. Ke2 Rfd8 30. Rd1 Qb7 31. Rxd7 Qxg2+ 32.
Ke1 Qxh1+ 33. Ke2 Qg2+ 34. Ke1 Qf2+ 35. Kd1 Rxd7+ 36. Kc1 Qc2# { White
checkmated } 0-1

[Event "ICC tourney 2349 (60 10)"]
[Site "Internet Chess Club"]
[Date "2021.01.31"]
[Round "5"]
[White "iamtanmay"]
[Black "atharvamchess"]
[Result "0-1"]
[ICCResult "White resigns"]
[WhiteElo "997"]
[BlackElo "1476"]
[Opening "Evans gambit"]
[ECO "C52"]
[NIC "IG.05"]
[Time "13:00:26"]
[PlyCount "54"]
[TimeControl "3600+10"]

1. e4 e5 2. Nf3 Nc6 3. Bc4 Bc5 4. b4 Bxb4 5. c3 Ba5 6. d4 exd4 7. O-O Nge7
8. cxd4 O-O 9. Bg5 h6 10. Bf4 Ng6 11. Be3 d6 12. h3 Bb6 13. Qc1 Qf6 14. Rd1
Bxh3 15. Bxh6 Bg4 16. Bg5 Bxf3 17. Bxf6 Bxd1 18. Qxd1 gxf6 19. Qh5 Kg7 20.
d5 Nce5 21. Be2 Bd4 22. Nc3 Bxc3 23. Rc1 Ba5 24. g3 Rh8 25. Qf5 Ne7 26. Qf4
Rh6 27. Kg2 Rah8 { White resigns } 0-1

[Event "ICC tourney 2349 (60 10)"]
[Site "Internet Chess Club"]
[Date "2021.01.31"]
[Round "5"]
[White "upcomingmaster"]
[Black "niftyfountain"]
[Result "1-0"]
[ICCResult "Black checkmated"]
[WhiteElo "1654"]
[BlackElo "1357"]
[Opening "Queen's bishop game"]
[ECO "D02"]
[NIC "QP.08"]
[Time "13:00:16"]
[PlyCount "107"]
[TimeControl "3600+10"]

1. d4 d5 2. Nf3 Nf6 3. Bf4 e6 4. e3 Bd6 5. Ne5 O-O 6. Bd3 Nbd7 7. Nd2 c6 8.
Nxf7 Rxf7 9. Bxd6 Ng4 10. Qxg4 Nf6 11. Qg3 Nh5 12. Qe5 Nf6 13. Ba3 Ng4 14.
Qd6 Qxd6 15. Bxd6 Nxf2 16. Rf1 Nxd3+ 17. cxd3 Rxf1+ 18. Kxf1 Bd7 19. Ke2 h6
20. Rf1 Rd8 21. Be5 Re8 22. b4 Kh7 23. Rf7 Rg8 24. Rxd7 b6 25. Rxa7 b5 26.
h4 h5 27. Nf3 Kh6 28. Re7 g6 29. Rxe6 Kh7 30. Re7+ Kh6 31. Bf4+ g5 32.
Bxg5+ Kg6 33. Re6+ Kf7 34. Rxc6 Kf8 35. Rc8+ Kf7 36. Rxg8 Kxg8 37. e4 dxe4
38. dxe4 Kf7 39. Ne5+ Ke6 40. d5+ Kd6 41. Bf4 Ke7 42. g4 hxg4 43. Nxg4 Kf7
44. e5 Ke7 45. e6 Ke8 46. Nf6+ Kf8 47. Bd6+ Kg7 48. e7 Kxf6 49. h5 Kf7 50.
h6 Kg6 51. e8=Q+ Kxh6 52. Bf4+ Kh7 53. Qf7+ Kh8 54. Be5# { Black checkmated
} 1-0

[Event "ICC tourney 2349 (60 10)"]
[Site "Internet Chess Club"]
[Date "2021.01.31"]
[Round "5"]
[White "sylviem"]
[Black "RohanKrishna"]
[Result "0-1"]
[ICCResult "White checkmated"]
[WhiteElo "1519"]
[BlackElo "1703"]
[Opening "Queen's pawn game, Darooha variation "]
[ECO "D02"]
[NIC "QP.06"]
[Time "13:00:33"]
[PlyCount "126"]
[TimeControl "3600+10"]

1. d4 Nf6 2. Nf3 d5 3. c4 e6 4. g3 dxc4 5. Qa4+ Bd7 6. Qxc4 Nc6 7. Bg2 Bb4+
8. Bd2 Bxd2+ 9. Nbxd2 O-O 10. O-O Qe7 11. Rac1 Rac8 12. Nb3 Ne4 13. Nc5
Nxc5 14. Qxc5 Qxc5 15. Rxc5 b6 16. Rc3 Ne7 17. Ne5 Bb5 18. Rc2 c5 19. dxc5
Rxc5 20. Rxc5 bxc5 21. Bf3 Nd5 22. Bxd5 exd5 23. Rc1 Rc8 24. Nd3 c4 25. Nb4
d4 26. Rd1 Rd8 27. Kg2 Kf8 28. Kf3 Ke7 29. Ke4 c3 30. bxc3 dxc3 31. Nd5+
Kf8 32. Nxc3 Rxd1 33. Nxd1 Bxe2 34. Nc3 Bf1 35. Kd5 Ke7 36. Kc6 Ke6 37. Nb5
a6 38. Nc7+ Ke5 39. Kb6 Ke4 40. Nxa6 Kf3 41. a4 Kxf2 42. a5 Kg2 43. Nc5
Kxh2 44. Ne4 f5 45. Ng5 Kxg3 46. Nxh7 f4 47. Ng5 f3 48. Ne4+ Kg2 49. Nd2
Bd3 50. Kc5 f2 51. Kd4 Ba6 52. Ke5 Kg3 53. Kf5 Kh4 54. Kg6 Kg4 55. Kxg7 Kf4
56. Kh6 Ke3 57. Nf1+ Bxf1 58. Kh5 Ba6 59. Kh4 f1=Q 60. Kg3 Qg1+ 61. Kh4 Kf4
62. Kh5 Qg7 63. Kh4 Qh8# { White checkmated } 0-1

[Event "ICC tourney 2349 (60 10)"]
[Site "Internet Chess Club"]
[Date "2021.01.31"]
[Round "5"]
[White "K624"]
[Black "zsanwal"]
[Result "1-0"]
[ICCResult "Black checkmated"]
[WhiteElo "1378"]
[BlackElo "922"]
[Opening "Scotch game"]
[ECO "C45"]
[NIC "SO.05"]
[Time "13:00:43"]
[PlyCount "153"]
[TimeControl "3600+10"]

1. e4 e5 2. Nf3 Nc6 3. d4 exd4 4. Nxd4 Bc5 5. Be3 Nxd4 6. Bxd4 Bxd4 7. Qxd4
Nf6 8. Nc3 O-O 9. Bc4 d6 10. O-O Be6 11. Be2 c5 12. Qd2 Rc8 13. Rad1 Ne8
14. a3 a6 15. e5 d5 16. Nxd5 Bxd5 17. Qxd5 Qe7 18. Qd7 Qxd7 19. Rxd7 b5 20.
Rfd1 Nc7 21. Bf3 Ne6 22. Bb7 Rc7 23. Rxc7 Nxc7 24. Rd7 Ne6 25. Bxa6 Rb8 26.
Rb7 Rd8 27. Bxb5 Rd1+ 28. Bf1 h6 29. g3 Ng5 30. Kg2 h5 31. Rb8+ Kh7 32.
Bd3+ g6 33. Rb5 Ne6 34. a4 Ra1 35. a5 Nd4 36. Rxc5 Ne6 37. Rb5 Nd4 38. Rd5
Nc6 39. a6 Nb4 40. Rd7 Nxd3 41. Rxd3 Rxa6 42. c4 Kg7 43. Rc3 Ra2 44. Rc2
Kf8 45. c5 Ke7 46. c6 Kd8 47. c7+ Kc8 48. f4 Ra6 49. Kh3 f6 50. exf6 Rxf6
51. b4 Rb6 52. Rc4 Rb7 53. Kh4 Rb5 54. h3 Rd5 55. Rc5 Rd6 56. b5 Rb6 57.
Kg5 Rd6 58. Kh4 Rb6 59. g4 hxg4 60. hxg4 Re6 61. Rc6 Rxc6 62. bxc6 Kxc7 63.
Kg5 Kxc6 64. Kxg6 Kd6 65. Kf6 Kd7 66. g5 Ke8 67. g6 Kf8 68. g7+ Kg8 69. f5
Kh7 70. Kf7 Kh6 71. g8=Q Kh5 72. Qg6+ Kh4 73. Ke6 Kh3 74. f6 Kh4 75. f7 Kh3
76. f8=Q Kh4 77. Qh8# { Black checkmated } 1-0

[Event "ICC tourney 2349 (60 10)"]
[Site "Internet Chess Club"]
[Date "2021.01.31"]
[Round "5"]
[White "rgolden277"]
[Black "aarm2008"]
[Result "1-0"]
[ICCResult "Black checkmated"]
[WhiteElo "1554"]
[BlackElo "1709"]
[Opening "Queen's bishop game"]
[ECO "D02"]
[NIC "QP.06"]
[Time "13:00:44"]
[PlyCount "101"]
[TimeControl "3600+10"]

1. d4 Nf6 2. Nf3 d5 3. Bf4 c5 4. e3 Nc6 5. c3 Bg4 6. Be2 e6 7. Nbd2 Bd6 8.
Bg3 O-O 9. O-O Qc7 10. dxc5 Bxg3 11. hxg3 Nd7 12. b4 e5 13. Nb3 e4 14. Nfd4
Bxe2 15. Qxe2 a6 16. a4 Nce5 17. Nf5 Nd3 18. Ne7+ Kh8 19. Nxd5 Qe5 20. c4
a5 21. Nxa5 Nxb4 22. Nxb4 Rxa5 23. c6 Qc5 24. cxd7 Qxb4 25. Rab1 Qxa4 26.
Rxb7 Qc6 27. Rfb1 h6 28. Rb8 Ra8 29. Rxf8+ Rxf8 30. Qd2 Rd8 31. Rd1 Qxc4
32. Qa5 Rxd7 33. Rxd7 Qe6 34. Qd5 Qg4 35. Qxf7 Kh7 36. Rd5 Kh8 37. Qf8+ Kh7
38. Qf5+ Qg6 39. Qxg6+ Kxg6 40. Re5 Kf6 41. Rxe4 g5 42. f4 Kg6 43. Kf2 Kh5
44. f5 g4 45. f6 Kg6 46. Rf4 Kh7 47. f7 h5 48. f8=Q h4 49. Rf7+ Kg6 50.
Qg7+ Kh5 51. Rf5# { Black checkmated } 1-0

[Event "ICC tourney 2349 (60 10)"]
[Site "Internet Chess Club"]
[Date "2021.01.31"]
[Round "5"]
[White "Zuiopal"]
[Black "concretesteve1"]
[Result "0-1"]
[ICCResult "White resigns"]
[WhiteElo "1654"]
[BlackElo "1408"]
[Opening "Dutch: Staunton gambit, Staunton's line"]
[ECO "A83"]
[NIC "HD.11"]
[Time "13:00:17"]
[PlyCount "78"]
[TimeControl "3600+10"]

1. d4 f5 2. e4 fxe4 3. Nc3 Nf6 4. Bg5 g6 5. Bxf6 exf6 6. Nxe4 d5 7. Nd2 Bg7
8. Ngf3 O-O 9. Be2 Nd7 10. O-O b6 11. c3 f5 12. c4 Bb7 13. cxd5 Bxd5 14.
Bc4 Nf6 15. Bxd5+ Qxd5 16. Qb3 Rad8 17. Rfe1 Rfe8 18. Qxd5+ Nxd5 19. a3 Nf4
20. Nb3 Nd3 21. Re3 Rxe3 22. fxe3 Re8 23. Nbd2 Rxe3 24. Nc4 Re2 25. b4 Nf4
26. g3 Ne6 27. Kf1 Re4 28. Ncd2 Bxd4 29. Nxd4 Rxd4 30. Nf3 Rd6 31. Rc1 Kg7
32. Kf2 Kf6 33. Rc4 c5 34. bxc5 Nxc5 35. g4 Ne4+ 36. Ke3 fxg4 37. Rxe4 gxf3
38. Rf4+ Kg7 39. Kxf3 Rf6 { White resigns } 0-1

[Event "ICC tourney 2349 (60 10)"]
[Site "Internet Chess Club"]
[Date "2021.01.31"]
[Round "5"]
[White "Alycatheawesome"]
[Black "superandrew3"]
[Result "1-0"]
[ICCResult "Black checkmated"]
[WhiteElo "1411"]
[BlackElo "1142"]
[Opening "Queen's pawn: London system"]
[ECO "A45"]
[NIC "QP.07"]
[Time "13:00:54"]
[PlyCount "101"]
[TimeControl "3600+10"]

1. d4 Nf6 2. Bf4 c5 3. d5 e6 4. c4 exd5 5. cxd5 d6 6. Nc3 Be7 7. Nf3 O-O 8.
e4 Re8 9. Bd3 a6 10. O-O b5 11. Re1 Bb7 12. h3 c4 13. Bc2 Bf8 14. a3 Nbd7
15. Bg5 h6 16. Bh4 Nc5 17. Qd4 Be7 18. Rad1 Qb6 19. e5 dxe5 20. Nxe5 Rad8
21. Ng4 Nxd5 22. Bxe7 Nxe7 23. Rxe7 Qc6 24. Rxe8+ Rxe8 25. Qd5 Qc7 26. Qd6
Qc8 27. Nd5 Bxd5 28. Rxd5 Ne6 29. Qd7 Qa8 30. Ne5 Rf8 31. Bg6 Ng5 32. h4
Nh3+ 33. gxh3 fxg6 34. Qe6+ Kh7 35. Qxg6+ Kh8 36. Nf7+ Rxf7 37. Qxf7 a5 38.
Rd7 Qg8 39. Qxg8+ Kxg8 40. Ra7 a4 41. Rb7 b4 42. Rxb4 c3 43. bxc3 g5 44.
hxg5 h5 45. c4 h4 46. Rb7 Kf8 47. c5 Ke8 48. g6 Kf8 49. c6 Ke8 50. g7 Kd8
51. g8=Q# { Black checkmated } 1-0

[Event "ICC tourney 2349 (60 10)"]
[Site "Internet Chess Club"]
[Date "2021.01.31"]
[Round "5"]
[White "TheChessKid90"]
[Black "SuperBlueSky"]
[Result "1/2-1/2"]
[ICCResult "Game drawn by mutual agreement"]
[WhiteElo "1210"]
[BlackElo "1562"]
[Opening "QGD: Cambridge Springs defense"]
[ECO "D52"]
[NIC "QO.15"]
[Time "13:00:18"]
[PlyCount "130"]
[TimeControl "3600+10"]

1. d4 d5 2. c4 e6 3. Nc3 Nf6 4. Bg5 c6 5. Nf3 Nbd7 6. e3 Qa5 7. a3 Ne4 8.
b4 Bxb4 9. axb4 Qxb4 10. Rc1 Nxc3 11. Qd2 Na2 12. Qxb4 Nxb4 13. c5 h6 14.
Bf4 Nf6 15. Rb1 a5 16. Bc7 Na6 17. Bxa6 Rxa6 18. Ra1 a4 19. O-O O-O 20. Ra3
Nd7 21. Rfa1 b5 22. cxb6 Nxb6 23. Bxb6 Rxb6 24. Rxa4 Bb7 25. Ne5 Rd8 26.
Nd3 Kf8 27. Nc5 Ke8 28. Ra7 Rb8 29. h3 Kd8 30. Rc1 Kc7 31. Kh2 Ra8 32. Rxa8
Bxa8 33. Kg3 Bb7 34. Ra1 Rb5 35. Kf3 e5 36. Rc1 exd4 37. exd4 Rb4 38. Re1
Kd6 39. Re8 Rb5 40. Rd8+ Kc7 41. Rd7+ Kb8 42. Rxf7 Bc8 43. Rxg7 Rb4 44. Ke3
Rb1 45. Rg6 Re1+ 46. Kf4 Rf1 47. f3 Rd1 48. Ke5 Re1+ 49. Kd6 Rd1 50. Kxc6
Rxd4 51. Rd6 Rc4 52. Kxd5 Rc2 53. Rg6 Bf5 54. Rg8+ Kc7 55. g4 Bc8 56. Ne6+
Bxe6+ 57. Kxe6 Rh2 58. Rg7+ Kd8 59. Kd6 Ke8 60. f4 Rxh3 61. f5 Kf8 62. Rg6
h5 63. gxh5 Rxh5 64. f6 Kf7 65. Rg7+ Kxf6 { Game drawn by mutual agreement
} 1/2-1/2

[Event "ICC tourney 2349 (60 10)"]
[Site "Internet Chess Club"]
[Date "2021.01.31"]
[Round "5"]
[White "raawad"]
[Black "Strawberrydevil"]
[Result "0-1"]
[ICCResult "White checkmated"]
[WhiteElo "1442"]
[BlackElo "1668"]
[Opening "Modern defense"]
[ECO "A40"]
[NIC "QO.17"]
[Time "13:01:02"]
[PlyCount "52"]
[TimeControl "3600+10"]

1. d4 g6 2. Bf4 Bg7 3. e4 d6 4. Nc3 Nf6 5. Qd2 Nbd7 6. O-O-O e5 7. dxe5
dxe5 8. Bxe5 Nxe4 9. Nxe4 Bxe5 10. f4 Bg7 11. Nc5 Qf6 12. Re1+ Kd8 13. c3
Re8 14. Rxe8+ Kxe8 15. Nxd7 Bxd7 16. Nf3 Rd8 17. Qe3+ Kf8 18. Qxa7 Qxf4+
19. Kc2 Bf5+ 20. Kb3 Be6+ 21. c4 Qc1 22. Qf2 b5 23. Qc5+ Kg8 24. Qxb5 Qxb2+
25. Ka4 Ra8+ 26. Qa5 Bd7# { White checkmated } 0-1

[Event "ICC tourney 2349 (60 10)"]
[Site "Internet Chess Club"]
[Date "2021.01.31"]
[Round "5"]
[White "agent1337"]
[Black "pvnieuwe"]
[Result "1-0"]
[ICCResult "Black checkmated"]
[WhiteElo "1670"]
[BlackElo "1496"]
[Opening "QGD: exchange, positional line"]
[ECO "D35"]
[NIC "QO.16"]
[Time "13:00:35"]
[PlyCount "143"]
[TimeControl "3600+10"]

1. d4 d5 2. c4 e6 3. Nc3 Nf6 4. cxd5 exd5 5. Bg5 Nbd7 6. e3 c6 7. Bd3 Nb6
8. Nge2 Bd6 9. O-O O-O 10. e4 dxe4 11. Nxe4 Nbd5 12. N2c3 Be7 13. Nxf6+
Bxf6 14. Bxf6 Nxf6 15. Re1 Kh8 16. Bc4 Qb6 17. b3 Bf5 18. Na4 Qc7 19. Bd3
Bxd3 20. Qxd3 Rad8 21. Re2 Nd5 22. g3 Rd6 23. Rae1 Nf6 24. Re7 Rd7 25. Rxd7
Nxd7 26. Re7 Qd6 27. Qe4 f5 28. Qe6 Qxe6 29. Rxe6 b5 30. Nc5 Nxc5 31. dxc5
Rc8 32. Re7 g6 33. Rxa7 Kg8 34. Kg2 h6 35. a4 bxa4 36. bxa4 Rb8 37. Rc7 Rb4
38. Rxc6 Rxa4 39. Rxg6+ Kh7 40. Rf6 Rc4 41. Rxf5 Kg6 42. Rd5 Kf6 43. Rd6+
Ke7 44. Rxh6 Rxc5 45. Rg6 Kf7 46. Rg4 Kf6 47. h4 Kf5 48. Kh3 Rc1 49. Rf4+
Kg6 50. Kg4 Rh1 51. h5+ Rxh5 52. Rf6+ Kxf6 53. Kxh5 Kf7 54. f4 Kg7 55. Kg5
Kf7 56. Kf5 Kg7 57. Ke6 Kf8 58. Kf6 Kg8 59. g4 Kf8 60. g5 Kg8 61. g6 Kf8
62. g7+ Kg8 63. f5 Kh7 64. Kf7 Kh6 65. g8=Q Kh5 66. Ke6 Kh4 67. f6 Kh5 68.
f7 Kh6 69. f8=Q+ Kh5 70. Qff7+ Kh4 71. Qf6+ Kh3 72. Qfh8# { Black
checkmated } 1-0

[Event "ICC tourney 2349 (60 10)"]
[Site "Internet Chess Club"]
[Date "2021.01.31"]
[Round "5"]
[White "Christopher166"]
[Black "AccuratePotato"]
[Result "1/2-1/2"]
[ICCResult "Game drawn by repetition"]
[WhiteElo "1872"]
[BlackElo "1748"]
[Opening "Sicilian: Najdorf, Lipnitzky attack"]
[ECO "B86"]
[NIC "SI.13"]
[Time "13:00:26"]
[PlyCount "77"]
[TimeControl "3600+10"]

1. e4 c5 2. Nf3 d6 3. d4 cxd4 4. Nxd4 Nf6 5. Nc3 a6 6. Bc4 e6 7. f3 b5 8.
Bb3 Be7 9. Be3 O-O 10. O-O Bb7 11. Nce2 Qc7 12. a4 b4 13. a5 d5 14. exd5
Bxd5 15. Bf2 Rd8 16. Bxd5 Rxd5 17. Qc1 Nbd7 18. Bg3 Bd6 19. Bxd6 Qxd6 20.
c3 Rc8 21. Qe3 Ne5 22. Ng3 bxc3 23. bxc3 Nc4 24. Qf2 Rb8 25. Ne4 Qf4 26.
Nc6 Rb7 27. Rab1 Nxe4 28. fxe4 Qxf2+ 29. Kxf2 Rd2+ 30. Kg1 Rxb1 31. Rxb1 g6
32. Rb8+ Kg7 33. Ra8 Ne3 34. Rxa6 Rxg2+ 35. Kh1 Rc2 36. Kg1 Rg2+ 37. Kh1
Rc2 38. Kg1 Rg2+ 39. Kh1 { Game drawn by repetition } 1/2-1/2

[Event "ICC tourney 2349 (60 10)"]
[Site "Internet Chess Club"]
[Date "2021.01.31"]
[Round "5"]
[White "espark"]
[Black "speedyplot"]
[Result "1-0"]
[ICCResult "Black resigns"]
[WhiteElo "2322"]
[BlackElo "1855"]
[Opening "English opening"]
[ECO "A20"]
[NIC "EO.24"]
[Time "13:00:34"]
[PlyCount "69"]
[TimeControl "3600+10"]

1. c4 e5 2. g3 c6 3. Nf3 Qc7 4. Nc3 Nf6 5. e4 Bb4 6. Qc2 O-O 7. Bg2 Bxc3 8.
dxc3 d6 9. O-O Nbd7 10. Nd2 Nb6 11. f4 exf4 12. gxf4 Re8 13. b3 a5 14. a4
Nfd7 15. Nf3 d5 16. cxd5 cxd5 17. e5 Qc5+ 18. Nd4 f6 19. Ba3 Qc7 20. e6 Nf8
21. f5 h6 22. Rae1 Nh7 23. h4 Qg3 24. Qf2 Qxf2+ 25. Kxf2 g5 26. fxg6 Nf8
27. Bxf8 Kxf8 28. Kg3 Kg7 29. h5 Ra6 30. Nf5+ Kh8 31. Nd6 Rxe6 32. Rxe6
Bxe6 33. Rxf6 Bg8 34. Bf1 Ra8 35. Nf5 { Black resigns } 1-0

[Event "ICC tourney 2349 (60 10)"]
[Site "Internet Chess Club"]
[Date "2021.01.31"]
[Round "5"]
[White "SAsameer"]
[Black "syunmaximus"]
[Result "1-0"]
[ICCResult "Black resigns"]
[WhiteElo "1393"]
[BlackElo "1112"]
[Opening "Queen's pawn, Mason variation"]
[ECO "D00"]
[NIC "QP.08"]
[Time "13:00:38"]
[PlyCount "89"]
[TimeControl "3600+10"]

1. d4 d5 2. Bf4 Nc6 3. Nf3 Nf6 4. e3 Bg4 5. Nbd2 e6 6. Bd3 Bd6 7. h3 Bh5 8.
g4 Bg6 9. Ne5 Bxe5 10. dxe5 Bxd3 11. exf6 Be4 12. f3 Bg6 13. h4 h6 14. fxg7
Rg8 15. Bxh6 Qd6 16. f4 O-O-O 17. Bg5 Rd7 18. h5 Bh7 19. h6 d4 20. e4 d3
21. c3 Kb8 22. Qf3 Qc5 23. Qf2 Qb5 24. Rb1 a6 25. Bf6 Na7 26. g5 Qa4 27. a3
Qc2 28. O-O Nc6 29. f5 exf5 30. exf5 Qa4 31. b4 Qb5 32. Qh4 Qb6+ 33. Qf2
Qb5 34. Qh4 Qb6+ 35. Bd4 Nxd4 36. cxd4 Rxd4 37. Qf2 Rg4+ 38. Kh1 Qc6+ 39.
Qf3 Qxf3+ 40. Rxf3 Rxg5 41. f6 Re8 42. Rg1 Be4 43. Rxg5 Bxf3+ 44. Nxf3 Re3
45. g8=Q+ { Black resigns } 1-0

[Event "ICC tourney 2349 (60 10)"]
[Site "Internet Chess Club"]
[Date "2021.01.31"]
[Round "5"]
[White "lemon365"]
[Black "nikhilthota"]
[Result "0-1"]
[ICCResult "White resigns"]
[WhiteElo "2034"]
[BlackElo "1844"]
[Opening "Two knights defense (Modern bishop's opening)"]
[ECO "C55"]
[NIC "IG.01"]
[Time "13:00:28"]
[PlyCount "108"]
[TimeControl "3600+10"]

1. e4 e5 2. Nf3 Nc6 3. Bc4 Nf6 4. d3 Be7 5. c3 d6 6. Nbd2 O-O 7. O-O Bg4 8.
h3 Bh5 9. Re1 d5 10. Bb3 dxe4 11. dxe4 Qc8 12. Nf1 Rd8 13. Qe2 Na5 14. Bc2
Bxf3 15. Qxf3 Nc4 16. Ng3 Qe6 17. Nf5 Nd7 18. b3 Nd6 19. Nxe7+ Qxe7 20. Ba3
Qf6 21. Qe3 Nf8 22. g3 Ne6 23. Kg2 Nb5 24. Bb2 c6 25. a4 Nbc7 26. Red1 Qg6
27. Ba3 b6 28. Rxd8+ Rxd8 29. Rd1 Rxd1 30. Bxd1 c5 31. h4 Nf4+ 32. Kh2 Qd6
33. Bc2 Nfe6 34. Qd3 Qxd3 35. Bxd3 Ne8 36. Bc1 Nd6 37. Bc2 Nd8 38. f4 f6
39. Kg2 Nc6 40. Ba3 g6 41. Kf3 Kg7 42. Ke3 Kf7 43. Bd1 Ke6 44. fxe5 Kxe5
45. Bf3 Na5 46. Bd1 Nxe4 47. g4 c4 48. b4 Nb7 49. Bf3 Nbd6 50. b5 h6 51. h5
gxh5 52. gxh5 Nf5+ 53. Ke2 Nxc3+ 54. Kd2 Nb1+ { White resigns } 0-1

[Event "ICC tourney 2349 (60 10)"]
[Site "Internet Chess Club"]
[Date "2021.01.31"]
[Round "5"]
[White "TeeKay2020"]
[Black "AstonRoberts"]
[Result "0-1"]
[ICCResult "White checkmated"]
[WhiteElo "1763"]
[BlackElo "1670"]
[Opening "Sicilian: Kan, Maróczy bind (Réti variation)"]
[ECO "B41"]
[NIC "SI.41"]
[Time "13:00:18"]
[PlyCount "130"]
[TimeControl "3600+10"]

1. e4 c5 2. Nf3 e6 3. d4 cxd4 4. Nxd4 a6 5. c4 Qc7 6. Nc3 Nf6 7. Be2 b6 8.
O-O Bb7 9. Qd3 d6 10. f4 Nbd7 11. Nb3 Be7 12. Be3 Rc8 13. Nd2 Qb8 14. Nf3
Ng4 15. Kh1 Nxe3 16. Qxe3 O-O 17. Ng5 Bxg5 18. fxg5 Ne5 19. Qxb6 Nxc4 20.
Bxc4 Rxc4 21. Rf4 d5 22. Rh4 d4 23. Qb3 Rfc8 24. Ne2 Qa8 25. Qd3 a5 26. Rf1
Ba6 27. Qf3 R4c7 28. g6 Bxe2 29. Qxe2 fxg6 30. Qg4 Qa6 31. Qf3 Qxf1+ 32.
Qxf1 Rc1 33. Kg1 Rxf1+ 34. Kxf1 Rc2 35. e5 d3 36. Rd4 Rxb2 37. Rxd3 Rxa2
38. Rd8+ Kf7 39. Ra8 a4 40. Ra7+ Ke8 41. Rxg7 a3 42. Rxh7 Rb2 43. Ra7 a2
44. Ra8+ Kd7 45. Ra7+ Kc6 46. Ra6+ Kb5 47. Rxa2 Rxa2 48. h4 Kc5 49. Kg1 Kd5
50. g4 Kxe5 51. h5 gxh5 52. gxh5 Kf6 53. h6 Kg6 54. h7 Kxh7 55. Kf1 Kg6 56.
Ke1 Kf5 57. Kf1 Kf4 58. Ke1 Kf3 59. Kd1 Ke3 60. Kc1 Kd3 61. Kb1 Rh2 62. Kc1
e5 63. Kb1 Kc3 64. Ka1 Kb3 65. Kb1 Rh1# { White checkmated } 0-1

[Event "ICC tourney 2349 (60 10)"]
[Site "Internet Chess Club"]
[Date "2021.01.31"]
[Round "5"]
[White "Ososul"]
[Black "Harveyli318"]
[Result "1/2-1/2"]
[ICCResult "Game drawn by repetition"]
[WhiteElo "2133"]
[BlackElo "1704"]
[Opening "Scandinavian defense"]
[ECO "B01"]
[NIC "SD.03"]
[Time "13:00:47"]
[PlyCount "108"]
[TimeControl "3600+10"]

1. e4 d5 2. exd5 Nf6 3. d4 Bg4 4. Bb5+ Nbd7 5. f3 Bf5 6. Nc3 a6 7. Ba4 b5
8. Bb3 Nb6 9. Nge2 Nbxd5 10. Ng3 Bg6 11. O-O e6 12. Nce4 Be7 13. c3 O-O 14.
Bc2 Nh5 15. Nxh5 Bxh5 16. Qe2 Nf6 17. a4 c6 18. axb5 axb5 19. Rxa8 Qxa8 20.
Bg5 Qd8 21. Ng3 Bg6 22. f4 Bxc2 23. Qxc2 Nd5 24. Bxe7 Qxe7 25. Qe4 Qd7 26.
f5 exf5 27. Nxf5 g6 28. Qg4 Kh8 29. Nh6 Qxg4 30. Nxg4 f5 31. Ne5 Rc8 32.
Re1 c5 33. Nf7+ Kg7 34. Nd6 Rc6 35. Nxb5 Rb6 36. Re5 Rxb5 37. Rxd5 Rxb2 38.
Rxc5 Kf6 39. Rc7 Rc2 40. c4 Ke6 41. c5 Kd5 42. Rd7+ Ke4 43. Rd6 f4 44. h4
f3 45. gxf3+ Kxf3 46. c6 Rc1+ 47. Kh2 Rc2+ 48. Kh3 Rc1 49. Kh2 Rc2+ 50. Kh3
Rc1 51. Rf6+ Ke4 52. Rd6 Kf3 53. Kh2 Rc2+ 54. Kh3 Rc1 { Game drawn by
repetition } 1/2-1/2

[Event "ICC tourney 2349 (60 10)"]
[Site "Internet Chess Club"]
[Date "2021.01.31"]
[Round "5"]
[White "anan193"]
[Black "Jerickjavier18"]
[Result "1-0"]
[ICCResult "Black checkmated"]
[WhiteElo "1626"]
[BlackElo "1331"]
[Opening "King's Indian: Sämisch variation"]
[ECO "E80"]
[NIC "KI.54"]
[Time "13:00:30"]
[PlyCount "107"]
[TimeControl "3600+10"]

1. d4 Nf6 2. c4 g6 3. Nc3 Bg7 4. e4 d6 5. f3 Nbd7 6. Be3 e5 7. Nge2 c6 8.
d5 Nb6 9. Ng3 Qc7 10. Rc1 Bd7 11. Qd2 O-O 12. Be2 Ne8 13. Bh6 Rc8 14. h4
cxd5 15. cxd5 Nc4 16. Bxc4 Qxc4 17. h5 Qd4 18. hxg6 Qxd2+ 19. Kxd2 fxg6 20.
Be3 b6 21. a3 Nc7 22. Na2 Na6 23. b4 Nc7 24. Nc3 Nb5 25. Nxb5 Bxb5 26. Ne2
Bd7 27. Nc3 Rf7 28. Kd3 Rcf8 29. a4 Be8 30. Nb5 Bxb5+ 31. axb5 Rd7 32. Rc6
Rff7 33. Rhc1 Bf8 34. Ke2 Kg7 35. Kf2 h6 36. Kg3 g5 37. Rc8 Be7 38. R8c7
Bf6 39. Rxd7 Rxd7 40. Rc6 Kg6 41. Kh3 h5 42. g3 Be7 43. Rc8 Bf6 44. f4 exf4
45. gxf4 g4+ 46. Kg2 Re7 47. Rc4 h4 48. f5+ Kh5 49. Bf4 h3+ 50. Kg3 Bh4+
51. Kh2 Rd7 52. Rc6 Be7 53. e5 dxe5 54. Rh6# { Black checkmated } 1-0

[Event "ICC tourney 2349 (60 10)"]
[Site "Internet Chess Club"]
[Date "2021.01.31"]
[Round "5"]
[White "Aeneas"]
[Black "sushimonster"]
[Result "1-0"]
[ICCResult "Black resigns"]
[WhiteElo "1690"]
[BlackElo "1510"]
[Opening "Giuoco Piano: four knights variation"]
[ECO "C26"]
[NIC "VG.02"]
[Time "13:00:42"]
[PlyCount "113"]
[TimeControl "3600+10"]

1. e4 e5 2. Nc3 Nf6 3. Bc4 Bc5 4. Nf3 Nc6 5. O-O d6 6. d3 Bg4 7. Be3 Nd4 8.
Bxd4 Bxd4 9. h3 Bh5 10. Qe2 O-O 11. g4 Bxc3 12. bxc3 Bg6 13. Nh4 Nd7 14.
Nxg6 hxg6 15. Qe3 a6 16. f4 Qh4 17. f5 g5 18. d4 Rfe8 19. Rab1 Rab8 20. Kg2
Nf6 21. Rb4 a5 22. Rb5 exd4 23. cxd4 Rxe4 24. Qd3 Rbe8 25. Rf3 c6 26. Rxb7
d5 27. Ba6 Nxg4 28. Rb3 Nf6 29. Qf1 g4 30. hxg4 Nxg4 31. Rh3 Ne3+ 32. Rbxe3
Qg4+ 33. Reg3 Re2+ 34. Bxe2 Rxe2+ 35. Kh1 Qe4+ 36. Qf3 Re1+ 37. Rg1 Rxg1+
38. Kxg1 Qxd4+ 39. Qe3 Qd1+ 40. Kf2 Qxc2+ 41. Qe2 Qxf5+ 42. Rf3 Qe6 43.
Qxe6 fxe6 44. Rc3 Kf7 45. Rxc6 d4 46. Ra6 Kf6 47. Rxa5 g5 48. Rc5 e5 49. a4
e4 50. Rc4 e3+ 51. Ke2 g4 52. Rxd4 g3 53. Rg4 Ke6 54. Rxg3 Kd7 55. Rxe3 Kc8
56. Rb3 Kc7 57. a5 { Black resigns } 1-0